 Dungeon Crawl Stone Soup version 0.31-a0-232-gb1c03b2570 (webtiles) character file.

Game seed: 11905627837873717140

170 qw the Shooter (level 5, -5/31 HPs)
             Began as a Gargoyle Hexslinger on July 7, 2023.
             Killed by divine providence
             ... invoked by an orc priest
              (12 damage)
             ... on level 3 of the Dungeon.
             The game lasted 00:00:56 (1896 turns).

qw the Shooter (Gargoyle Hexslinger)                Turns: 1896, Time: 00:00:57

Health: -5/31      AC: 11    Str: 12    XL:     5   Next: 51%
Magic:  6/6        EV: 11    Int: 13    God:
Gold:   111        SH:  0    Dex: 14    Spells: 5/6 levels left

rFire   + . .        Y - +3 sling
rCold   . . .        (no shield)
rNeg    + . .        f - +0 leather armour
rPois   inf          (no helmet)
rElec   +            (no cloak)
rCorr   .            i - +0 pair of gloves
SInv    .            m - +2 pair of boots
Will    .....        (no amulet)
Stlth   +            n - ring of protection from fire
HPRegen 0.25/turn    (no ring)
MPRegen 0.10/turn

%: no passive effects
@: confused
A: sickness immunity, AC +4, negative energy resistance 1, electricity
resistance, torment resistance 1, petrification resistance
a: no special abilities


You were on level 3 of the Dungeon.
You visited 1 branch of the dungeon, and saw 3 of its levels.

You collected 111 gold pieces.


Innate Abilities, Weirdness & Mutations

You are immune to sickness and miasma.
Your stone body is resilient. (AC +4)
You are immune to poison.
You resist negative energy. (rN+)
You are resistant to electric shocks. (rElec)
You are resistant to unholy torment.
You are immune to petrification.


   Skills:
 + Level 2.7 Fighting
 - Level 5.0 Ranged Weapons
 - Level 1.5 Dodging
 - Level 1.0 Spellcasting
 - Level 2.6 Hexes


You had 5 spell levels left.
You knew the following spells:

 Your Spells              Type           Power      Damage    Failure   Level
a - Slow                  Hex            28%        N/A       12%         1

Your spell library contained the following spells:

 Spells                   Type           Power      Damage    Failure   Level
 Inner Flame              Hex/Fire       4%         N/A       52%         3
 Portal Projectile        Hex/Tloc       8%         N/A       52%         3
 Cause Fear               Hex            3%         N/A       75%         4

Inventory:

Hand Weapons
 Y - a +3 sling (weapon)
Armour
 f - a +0 leather armour (worn)
 i - a +0 pair of gloves (worn)
 m - a +2 pair of boots (worn)
Jewellery
 g - a ring of fire
 n - a ring of protection from fire (left hand)
Scrolls
 p - a scroll of identify
Potions
 b - a potion of might {unknown}
 c - a potion of haste
 d - a potion of cancellation {unknown}
 h - a potion of lignification {unknown}
 l - a potion of brilliance {unknown}

Dungeon Overview and Level Annotations

Branches:
Dungeon (3/15)

Altars:

Annotations:
D:3 Ijyb


Message History

The orc priest hits you with a +0 club. The orc barely misses you.
The orc hits you but does no damage. Something hits you.
The orc priest closely misses you.
The orc priest hits you but does no damage.
The orc hits you from afar with a +0 trident!
1890 ||| DRINKING potion of heal wounds.
You feel much better. The orc misses you.
Something hits you but does no damage.
The orc priest looks satisfied for a moment.
The orc priest barely misses you. The orc hits you but does no damage.
The orc barely misses you. Something hits you but does no damage.
The orc priest hits you but does no damage.
The orc priest hits you with a +0 club. The orc hits you but does no damage.
The orc closely misses you.
You hear some strange, mumbled words.
Something tries to affect you, but you resist.
The orc priest hits you but does no damage.
The orc priest barely misses you. The orc barely misses you.
You feel less confused. The orc hits you but does no damage.
Something hits you but does no damage.
The orc priest hits you but does no damage. x2
The orc barely misses you.
You shoot a sling bullet.
The sling bullet closely misses the orc priest.
The orc hits you but does no damage.
You hear some strange, mumbled words.
You are confused.
The orc priest hits you but does no damage.
The orc priest hits you with a +0 club. The orc closely misses you.
The orc hits you with a +2 whip of pain.
You hear some strange, mumbled words.
A puff of flame appears from out of thin air!
The puff of flame hits you. You resist. The orc priest barely misses you.
The orc priest calls down the wrath of Beogh upon you.
Beogh smites you! The orc hits you but does no damage.
The orc closely misses you. Something hits you but does no damage.
The orc priest hits you but does no damage.
The orc priest calls down the wrath of Beogh upon you.
Beogh smites you!
You die...

###. +# #. .#
#. ####.# #.
#....## #.
###.....## #.
##........# #.
####..?o{....##
..
......o@o......
####.........##
##....o..##
###...### #...#
#####


You could see 2 orc priests and 2 orcs.

Vanquished Creatures
  Robin (D:3)
  3 gnolls (D:3)
  6 adders
  3 worms (D:3)
  2 dart slugs
  6 ball pythons
  6 bats
  3 endoplasms
  4 giant cockroaches
  10 goblins
  4 hobgoblins
  3 jackals (D:1)
  5 kobolds
  A quokka (D:1)
  2 frilled lizards
  4 rats
63 creatures vanquished.

Notes
Turn   | Place    | Note
-------+----------+-------------------------------------------
     0 | D:1      | qw the Gargoyle Hexslinger began the quest for the Orb.
     0 | D:1      | Reached XP level 1. HP: 12/12 MP: 2/2
     0 | D:1      | 0 ||| qw: Version: 0.3-a-46-gb1f654a
     0 | D:1      | 0 ||| qw: Game counter: 2584
     0 | D:1      | 0 ||| qw: Melee chars always use a shield: true
     0 | D:1      | 0 ||| qw: God list: Okawaru
     0 | D:1      | 0 ||| qw: Allow faded altars: false
     0 | D:1      | 0 ||| qw: Do Orc after clearing Dungeon:15 true
     0 | D:1      | 0 ||| qw: Do second Lair branch before Depths: true
     0 | D:1      | 0 ||| qw: Lair rune preference: random
     0 | D:1      | 0 ||| qw: Goals: Normal
     0 | D:1      | 0 ||| PLANNING D:1-11
   112 | D:1      | Reached XP level 2. HP: 16/16 MP: 3/3
   182 | D:1      | Reached skill level 3 in Ranged Weapons
   262 | D:1      | Reached XP level 3. HP: 21/21 MP: 4/4
   687 | D:1      | 687 ||| UPGRADING to +0 leather armour.
   697 | D:1      | 697 ||| DROPPING +0 robe.
   698 | D:1      | 698 ||| UPGRADING to +0 pair of gloves.
   703 | D:1      | 703 ||| UPGRADING to +2 pair of boots.
   708 | D:1      | 708 ||| UPGRADING to ring of protection from fire.
   709 | D:1      | 709 ||| READING 2 scrolls labelled RIDDOE XONA.
   712 | D:1      | 712 ||| READING scroll labelled FANOWOB EF YHASI.
   713 | D:1      | 713 ||| READING scroll labelled OWOCWA BUATUPT.
   714 | D:1      | 714 ||| READING 2 scrolls labelled YFROCO FAGGI.
   715 | D:1      | 715 ||| READING 3 scrolls labelled ISUHO AKYEBU.
   716 | D:1      | 716 ||| DRINKING 2 blue potions.
   717 | D:1      | 717 ||| DROPPING scroll of poison.
   718 | D:1      | 718 ||| DROPPING 2 scrolls of blinking.
  1174 | D:2      | Noticed a golden eye
  1176 | D:2      | Found a faded altar of an unknown god.
  1178 | D:2      | Noticed a great orb of eyes
  1178 | D:2      | Noticed a great orb of eyes
  1178 | D:2      | Noticed a golden eye
  1220 | D:2      | Reached XP level 4. HP: 26/26 MP: 5/5
  1228 | D:2      | Reached skill level 4 in Ranged Weapons
  1420 | D:2      | 1420 ||| READING scroll labelled NUONOOT NUKH.
  1421 | D:2      | 1421 ||| DRINKING 2 lumpy white potions.
  1427 | D:2      | 1427 ||| READING 2 scrolls of identify.
  1427 | D:2      | 1427 ||| IDENTIFYING ruby potion
  1428 | D:2      | 1428 ||| DROPPING potion of ambrosia.
  1505 | D:3      | 1505 ||| READING scroll of enchant weapon.
  1505 | D:3      | 1505 ||| ENCHANTING +2 sling.
  1545 | D:3      | Reached XP level 5. HP: 30/30 MP: 6/6
  1584 | D:3      | Reached skill level 5 in Ranged Weapons
  1850 | D:3      | Noticed Robin
  1850 | D:3      | Noticed Ijyb
  1855 | D:3      | 1855 ||| Stepping ~*~*~tactically~*~*~ (outnumbered).
  1863 | D:3      | Paralysed by Ijyb for 2 turns
  1867 | D:3      | Paralysed by Ijyb for 5 turns
  1872 | D:3      | Killed Robin
  1877 | D:3      | HP: 7/31 [goblin/+0 club (3)]
  1878 | D:3      | 1878 ||| READING scroll of teleportation.
  1879 | D:3      | 1879 ||| DRINKING 2 potions of heal wounds.
  1889 | D:3      | HP: 6/31 [orc/+0 trident (7)]
  1890 | D:3      | 1890 ||| DRINKING potion of heal wounds.
  1895 | D:3      | HP: 7/31 [orc priest/divine providence (13)]
  1896 | D:3      | Killed from afar by an orc priest

Levels and vault maps discovered:
D:1:      dpeg_arrival_yet_another_circle, layout_basic, minmay_misc_feat_x,
          minmay_nonomino_d4
D:2:      minmay_general_purpose_star, layout_basic,
          hellmonk_ecumenical_altar_watching_god,
          nicolae_concentric_dashed_squares_wild
D:3:      layout_loops_corners, nemelex_xobeh_ov_fountains_minmay,
          amcnicky_mini_corridor_feature, nicolae_goblin_pals

Skill      XL: |  1  2  3  4  5 |
---------------+----------------+-----
Ranged Weapons | 3 4 5 |  5.0
Fighting       | 2 |  2.7
Dodging        | |  1.5
Spellcasting   | |  1.0
Hexes          | |  2.6

Action                     |  1- 3 |  4- 6 || total
---------------------------+-------+-------++-------
   Fire: Sling             |   122 |   104 ||   226
    Use: Scroll            |     5 |     4 ||     9
         Potion            |     1 |     3 ||     4
 Armour: Robe              |    39 |       ||    39
         Leather armour    |     4 |    88 ||    92
  Dodge: Dodged            |    65 |    66 ||   131

Table legend:
 A = Non-vault XP
 B = Vault XP
 C = Vault XP percentage of total XP
 D = Non-vault monster count
 E = Vault monster count
 F = Vault count percentage of total count
                 A         B        C        D         E       F
            +---------+---------+-------+---------+---------+-------
      Total |     188 |      56 |  23.0 |      50 |      13 |  20.6
            +---------+---------+-------+---------+---------+-------
        D:1 |      43 |       7 |  14.0 |      23 |       6 |  20.7
        D:2 |      34 |      29 |  46.0 |      12 |       4 |  25.0
        D:3 |     111 |      20 |  15.3 |      15 |       3 |  16.7
            +---------+---------+-------+---------+---------+-------
